 Dungeon Crawl Stone Soup version 0.21-a0-244-gd4adca8 (webtiles) character file.

95 Pippin the Firebug (level 4, -1/32 HPs)
             Began as a Demonspawn Wanderer on Sept 5, 2017.
             Slain by a worm (4 damage)
             ... on level 3 of the Dungeon.
             The game lasted 00:08:36 (3827 turns).

Pippin the Firebug (Demonspawn Wanderer)            Turns: 3827, Time: 00:08:37

Health: -1/32      AC:  3    Str: 13    XL:     4   Next: 39%
Magic:  0/5        EV: 11    Int:  7    God:
Gold:   124        SH:  3    Dex: 14    Spells: 1/5 levels left

rFire    . . .     SeeInvis .   f - -1 hand axe (curse)
rCold    . . .     Gourm    .   w - +0 buckler
rNeg     . . .     Faith    .   d - +0 robe
rPois    +         Spirit   .   (no helmet)
rElec    .         Reflect  .   j - +0 cloak
rCorr    .         Harm     .   (no gloves)
MR       .....                  (no boots)
Stlth    ++........             (no amulet)
HPRegen  0.10/turn              e - -5 ring of intelligence (curse)
MPRegen  0.09/turn              q - ring of poison resistance

@: very slightly contaminated
A: claws 1
a: no special abilities


You were on level 3 of the Dungeon.
You were not hungry.

You visited 1 branch of the dungeon, and saw 3 of its levels.

You collected 124 gold pieces.

Inventory:

Hand Weapons
 f - a cursed -1 hand axe (weapon)
 k - a +2 mace of protection
Armour
 d - a +0 robe (worn)
 j - a +0 cloak (worn)
 w - a +0 buckler (worn)
Jewellery
 e - a cursed -5 ring of intelligence (left claw)
 q - a ring of poison resistance (right claw)
 u - an uncursed ring of ice
Potions
 b - a potion of curing
 c - a potion of lignification
 i - 2 potions of invisibility
 l - a potion of degeneration {unknown}
 n - 2 potions of berserk rage {unknown}
 p - 2 potions of heal wounds {unknown}
 t - a potion of might {unknown}
 v - 2 potions of ambrosia {unknown}
Books
 a - a book of Flames

   Spells                             Type                      Level
   a - Flame Tongue                   Conjuration/Fire             1
   b - Throw Flame                    Conjuration/Fire             2
   c - Conjure Flame                  Conjuration/Fire             3
   d - Inner Flame                    Hexes/Fire                   3
   e - Sticky Flame                   Conjuration/Fire             4
   f - Fireball                       Conjuration/Fire             5
 r - a book of Minor Magic

   Spells                             Type                      Level
   a - Magic Dart                     Conjuration                  1
   b - Blink                          Translocation                2
   c - Call Imp                       Summoning                    2
   d - Slow                           Hexes                        2
   e - Conjure Flame                  Conjuration/Fire             3
   f - Mephitic Cloud                 Conjuration/Poison/Air       3
Comestibles
 g - 2 bread rations
 h - a royal jelly
 m - 2 meat rations
 o - 4 fruits
 s - a chunk of flesh


   Skills:
 - Level 1.0 Fighting
   Level 1.7 Short Blades
 - Level 1.0 Dodging
 - Level 2.5 Stealth
 - Level 1.0 Spellcasting
 + Level 1.0 Conjurations
 - Level 4.0 Fire Magic
   Level 1.0 Evocations


You had one spell level left.
You knew the following spells:

 Your Spells              Type           Power        Failure   Level  Hunger
a - Flame Tongue          Conj/Fire      #....        26%         1    ##.....
b - Conjure Flame         Conj/Fire      #.......     58%         3    ####...


Dungeon Overview and Level Annotations

Branches:
Dungeon (3/15)

Altars:


Innate Abilities, Weirdness & Mutations

You have sharp fingernails.


Message History

Aim: a worm (moderately wounded)
The flame tongue hits the worm.
The worm appears unharmed.
The worm is moderately wounded.
The worm bites you!
* * * LOW HITPOINT WARNING * * *
Casting: Flame Tongue
Confirm with . or Enter, or press ? or * to list all spells.
Aiming: Flame Tongue
Press: ? - help, Shift-Dir - straight line, f/p - worm
Aim: a worm (moderately wounded)
You miscast Flame Tongue.
The air around you burns with energy! The worm bites you but does no damage.
You hit the worm.
The worm is heavily wounded.
The worm bites you.
* * * LOW HITPOINT WARNING * * *
You hit the worm.
The worm is heavily wounded.
The worm bites you.
You die...

#......##.. ........
#...(...#.# ###.(..
#.#..(#.#.# #.... #
#...# #.# #.... #...#
#.# ######....
#####.รท.# #.#
#...##.... ........<#
#.# #...##....
########.#
#w#######...##.... ...
#@................
##############...#.####
####....# #....# #....#
##.### #.# ... ...


You could see a worm.

Vanquished Creatures
  2 adders (D:2)
  4 worms (D:2)
  A dart slug (D:2)
  2 leopard geckos (D:2)
  7 bats
  3 giant cockroaches
  6 goblins
  13 hobgoblins
  10 kobolds
  A quokka (D:3)
  4 frilled lizards
  3 rats
56 creatures vanquished.

Notes
Turn   | Place    | Note
-------+----------+-------------------------------------------
     0 | D:1      | Pippin the Demonspawn Wanderer began the quest for the Orb.
     0 | D:1      | Pippin set off with: a book of Flames, a potion of curing, a potion of lignification, a +0 robe, a +0 club, a +0 dagger, a bread ration
     0 | D:1      | Reached XP level 1. HP: 15/15 MP: 1/1
   361 | D:1      | Gained mutation: You have sharp fingernails. [demonic ancestry]
   361 | D:1      | Reached XP level 2. HP: 10/21 MP: 2/2
   364 | D:1      | Learned a level 1 spell: Flame Tongue
   699 | D:1      | Reached skill level 1 in Spellcasting
  1279 | D:1      | Reached skill level 3 in Fire Magic
  1350 | D:2      | Reached XP level 3. HP: 14/26 MP: 1/4
  1384 | D:2      | HP: 1/26 [goblin (3)]
  2346 | D:2      | Learned a level 3 spell: Conjure Flame
  2421 | D:2      | Found a faded altar of an unknown god.
  2949 | D:2      | Reached XP level 4. HP: 29/32 MP: 3/5
  3199 | D:2      | Reached skill level 4 in Fire Magic
  3692 | D:2      | Reached skill level 1 in Conjurations
  3827 | D:3      | Slain by a worm

Vault maps used:
D:1:      evilmike_arrival_crescent
D:2:      chequers_ecumenical_altar_simple, minmay_liquid_box,
          kennysheep_generic_room_11

Skill      XL: |  1  2  3  4 |
---------------+-------------+-----
Stealth        | 2 |  2.5
Spellcasting   | 1 |  1.0
Fire Magic     | 3 4 |  4.0
Conjurations   | 1 |  1.0
Fighting       | |  1.0
Short Blades   | |  1.7
Dodging        | |  1.0
Evocations     | |  1.0

Action                   |  1- 3 |  4- 6 || total
-------------------------+-------+-------++-------
Melee: Club              |    51 |       ||    51
       Hand axe          |    82 |    34 ||   116
       Mace              |     7 |       ||     7
 Cast: Flame Tongue      |    35 |    14 ||    49
  Use: Scroll            |     2 |     1 ||     3
 Stab: Sleeping          |     4 |     4 ||     8
  Eat: Chunk             |     8 |     4 ||    12
Armor: Robe              |    41 |    10 ||    51
Dodge: Dodged            |   121 |    29 ||   150
Block: Buckler           |       |     1 ||     1

Table legend:
 A = Spawn XP
 B = Non-spawn XP
 C = Spawn XP percentage of total XP
 D = Spawn monster count
 E = Non-spawn monster count
 F = Spawn count percentage of total count
 G = Total turns spent on level
                    A         B        C        D         E        F      G
               +---------+---------+-------+---------+---------+-------+---------
         Total |      29 |     107 |  21.3 |      10 |      46 |  17.9 |  3827
               +---------+---------+-------+---------+---------+-------+---------
           D:1 |       7 |      28 |  20.0 |       4 |      17 |  19.0 |  1343
           D:2 |      22 |      75 |  22.7 |       6 |      26 |  18.8 |  2385
           D:3 |       0 |       4 |   0.0 |       0 |       3 |   0.0 |    99
               +---------+---------+-------+---------+---------+-------+---------
